 Dungeon Crawl Stone Soup version 0.17.0 (webtiles) character file.

2646 Eucla the Cleaver (level 9, -4/82 HPs)
             Began as a Minotaur Chaos Knight on Nov 11, 2015.
             Splashed by a jelly's acid (6 damage)
             ... on level 6 of the Dungeon.
             The game lasted 00:07:07 (5105 turns).

Eucla the Cleaver (Minotaur Chaos Knight)           Turns: 5105, Time: 00:07:07

Health: -4/82      AC:  8    Str: 19    XL:     9   Next: 36%
Magic:  8/8        EV: 12    Int:  9    God:
Gold:   228        SH:  0    Dex: 11    Spells: 0 memorised, 8 levels left

rFire  . . .     SeeInvis +     a - +0 hand axe (chaos)
rCold  . . .     Clarity  +     y - +1 scale mail {MR+}
rNeg   + . .     SustAt   .     (no shield)
rPois  +         Gourm    .     (helmet restricted)
rElec  .         Spirit   .     L - +2 cloak {rPois}
rCorr  .         Warding  .     m - +1 pair of gloves
rMut   .         Stasis   .     (no boots)
MR     ++...                    E - amulet of regeneration
Stlth  ..........               C - ring of positive energy
                                h - ring of protection from magic

@: corroded equipment, very resistant to hostile enchantments, extremely
unstealthy
A: retaliatory headbutt, horns 2, thin metallic scales 1, see invisible,
clarity, clumsy 1, strong 1
a: no special abilities


You were on level 6 of the Dungeon.
You were not hungry.

You visited 1 branch of the dungeon, and saw 6 of its levels.
You also visited: Sewer.

You collected 228 gold pieces.

Inventory:

Hand Weapons
 a - a +0 hand axe of chaos (weapon)
 F - a +1 war axe of freezing
Armour
 b - a +2 leather armour
 m - a +1 pair of gloves (worn)
 n - a +0 cloak
 u - a +0 chain mail
 y - a +1 scale mail of magic resistance (worn)
 L - a +2 cloak of poison resistance (worn)
Jewellery
 h - a ring of protection from magic (left hand)
 j - an uncursed amulet of guardian spirit
 C - a ring of positive energy (right hand)
 E - an amulet of regeneration (around neck)
 H - an uncursed amulet of warding {unknown}
Wands
 w - a wand of confusion (26)
Scrolls
 e - 2 scrolls of remove curse {unknown}
 f - a scroll of amnesia {unknown}
 g - 5 scrolls of teleportation {unknown}
 k - a scroll of enchant weapon {unknown}
 l - 6 scrolls of identify {unknown}
 p - 2 scrolls of fog {unknown}
 q - 2 scrolls of enchant armour {unknown}
 z - 2 scrolls of magic mapping {unknown}
 D - a scroll of immolation {unknown}
 I - a scroll of fear {unknown}
Potions
 d - a potion of cure mutation {unknown}
 i - a potion of degeneration {unknown}
 o - a potion of might {unknown}
 s - a potion of haste {unknown}
 v - a potion of resistance {unknown}
 x - 2 potions of poison {unknown}
 A - a potion of curing
 J - 2 potions of heal wounds {unknown}
 K - a potion of brilliance {unknown}
Comestibles
 c - 3 bread rations
 r - 3 meat rations
 t - a beef jerky
 B - a slice of pizza
 G - a royal jelly


   Skills:
 + Level 8.3 Fighting
 + Level 8.6 Axes
 + Level 8.2 Armour
 + Level 6.9 Dodging


You had 8 spell levels left.
You didn't know any spells.

Dungeon Overview and Level Annotations

Branches:
Dungeon (6/15)             Temple (0/1) D:5

Altars:
Elyvilon
Makhleb
Nemelex Xobeh
Vehumet


Innate Abilities, Weirdness & Mutations

You reflexively headbutt those who attack you in melee.
You have a pair of horns on your head.
You are partially covered in thin metallic scales (AC +2).
You have supernaturally acute eyesight.
You possess an exceptional clarity of mind.
You are clumsy. (Dex -2)
Your muscles are strong. (Str +2)


Message History

You are splashed with acid!
The acid corrodes you!
The acid burns!
* * * LOW HITPOINT WARNING * * *
The centaur shoots an arrow.
The arrow barely misses you.
Really renounce your faith, foregoing its fabulous benefits?
Are you sure you won't change your mind later?
You have lost your religion!
Xom does not appreciate desertion!
The centaur shoots an arrow.
The arrow hits you!
* * * LOW HITPOINT WARNING * * *
The jelly hits you but does no damage.
Unknown command.
Unknown command.
You hit the jelly.
You heal the jelly.
The jelly is completely healed.
Your hands burn!
* * * LOW HITPOINT WARNING * * *
The centaur shoots an arrow.
The arrow closely misses you. The jelly hits you.
* * * LOW HITPOINT WARNING * * *
You are splashed with acid!
The acid burns!
You die...
Xom thinks this is hilarious!

#.# # ########'###.####
#.........##.#.>. ##
#.........##..... ...
#.........####.#. ....
#................ .....
#.........####.#.
...c..##.........# #...
.......@###############.
.......J# #.........#.
..8.._... #.#######'#.
........#. #.# #....
........#.# #.# #....
.......## # #.######....
....### #......#....
.##. ######.#....
#.#....


You could see a centaur and a jelly.

Vanquished Creatures
  Pikel (D:5)
  A two-headed ogre (shapeshifter) (D:5)
  Eustachio (D:5)
  A wolf (D:5)
  The ghost of mopl the Grave Robber, an amateur MfNe (D:3)
  Edmund (D:4)
  2 phantoms
  A sky beast (D:5)
  2 ogres (D:4)
  2 centaurs (D:5)
  A giant frog (D:6)
  A wyvern zombie (D:5)
  A giant frog skeleton (D:4)
  An orc priest (D:3)
  3 orc wizards
  4 hounds
  3 worker ants
  Terence (D:3)
  An iguana (D:5)
  A killer bee zombie (D:6)
  A hound skeleton (D:4)
  4 gnolls (D:2)
  3 river rats (D:6)
  A worker ant zombie (D:5)
  12 adders
  4 oozes
  2 adder skeletons
  4 worms
  3 giant geckos
  16 orcs
  6 ball pythons
  4 giant cockroaches
  8 goblins
  8 hobgoblins
  8 jackals
  A ball python skeleton (D:4)
  5 bats
  A giant gecko skeleton (D:4)
  5 giant newts
  7 kobolds
  4 quokkas
  A quokka skeleton (D:4)
  8 rats
146 creatures vanquished.

Vanquished Creatures (collateral kills)
  An ogre (D:5)
  An adder (D:5)
  A hobgoblin (D:3)
  A giant newt (D:5)
4 creatures vanquished.

Vanquished Creatures (others)
  A slave (D:5)
  A worker ant (D:5)
2 creatures vanquished.

Grand Total: 152 creatures vanquished

Notes
Turn   | Place    | Note
--------------------------------------------------------------
     0 | D:1      | Eucla the Minotaur Chaos Knight began the quest for the Orb.
     0 | D:1      | Reached XP level 1. HP: 19/19 MP: 0/0
   209 | D:1      | Reached XP level 2. HP: 27/27 MP: 1/1
   383 | D:2      | Reached skill level 4 in Axes
   402 | D:2      | XOM: potion effect (brilliance)
   406 | D:2      | Reached XP level 3. HP: 31/33 MP: 0/2
   490 | D:2      | XOM: harmless Pois miscast
   493 | D:2      | Reached XP level 4. HP: 18/40 MP: 3/3
   743 | D:2      | XOM: harmless Divn miscast
   926 | D:2      | XOM: mild Erth miscast
   970 | D:2      | XOM: god gift: scroll labeled ZAIDOATHRISCH
   982 | D:2      | XOM: colour smoke trail
  1044 | D:2      | Found a faded altar to an unknown god.
  1255 | D:3      | Noticed Terence
  1265 | D:3      | Killed Terence
  1265 | D:3      | Reached XP level 5. HP: 40/47 MP: 4/4
  1306 | D:3      | Noticed mopl's ghost (amateur MfNe)
  1310 | D:3      | XOM: cast spell 'Call Canine Familiar'
  1321 | D:3      | Reached skill level 5 in Axes
  1330 | D:3      | Killed mopl's ghost
  1330 | D:3      | Reached skill level 5 in Fighting
  1330 | D:3      | Reached XP level 6. HP: 17/56 MP: 3/5
  1376 | D:3      | XOM: medium Tloc miscast
  1413 | D:3      | Found a sparkling altar of Nemelex Xobeh.
  1434 | D:3      | Found a white marble altar of Elyvilon.
  1434 | D:3      | XOM: 3-stop teleportation journey
  1695 | D:4      | XOM: harmless Hex miscast
  2102 | D:4      | Noticed Edmund
  2119 | D:4      | Killed Edmund
  2119 | D:4      | Reached skill level 5 in Armour
  2119 | D:4      | Reached XP level 7. HP: 46/62 MP: 4/6
  2127 | D:4      | XOM: mild Air miscast
  2428 | D:4      | XOM: colour smoke trail
  2451 | D:4      | Reached skill level 6 in Fighting
  2678 | D:4      | XOM: give mutations
  2678 | D:4      | Gained mutation: You possess an exceptional clarity of mind. [Xom's grace]
  2678 | D:4      | Gained mutation: You have supernaturally acute eyesight. [Xom's grace]
  2678 | D:4      | Gained mutation: You are partially covered in thin metallic scales (AC +2). [Xom's grace]
  2678 | D:4      | Gained mutation: Your muscles are strong. (Str +2) [Xom's grace]
  2748 | D:4      | XOM: colour smoke trail
  2942 | D:4      | XOM: colour smoke trail
  3012 | D:5      | Entered Level 5 of the Dungeon
  3037 | D:5      | Noticed Eustachio
  3041 | D:5      | XOM: potion effect (invisibility)
  3071 | D:5      | Killed Eustachio
  3197 | D:5      | XOM: potion effect (berserk rage)
  3227 | D:5      | XOM: harmless Summ miscast
  3244 | D:5      | Reached XP level 8. HP: 69/71 MP: 7/7
  3267 | D:5      | XOM: harmless Erth miscast
  3282 | D:5      | XOM: potion effect (invisibility)
  3291 | D:5      | Reached skill level 5 in Dodging
  3390 | D:5      | XOM: harmless Air miscast
  3424 | D:5      | Noticed Pikel
  3427 | D:5      | XOM: potion effect (haste)
  3442 | D:5      | Killed Pikel
  3442 | D:5      | Reached skill level 7 in Fighting
  3476 | D:5      | XOM: silly message
  3483 | D:5      | XOM: mild Summ miscast
  3484 | D:5      | XOM: summons friendly ufetubus
  3561 | D:5      | Reached XP level 9. HP: 70/80 MP: 8/8
  3568 | D:5      | Reached skill level 8 in Axes
  3664 | D:5      | XOM: noise
  3675 | D:5      | Found a staircase to the Ecumenical Temple.
  3890 | D:5      | XOM: enchant monster (good)
  4036 | D:6      | XOM: harmless Chrm miscast
  4172 | D:6      | Found a burning altar of Makhleb.
  4379 | D:6      | Found a glowing drain.
  4383 | Sewer    | Entered a sewer
  4748 | Sewer    | XOM: give mutation
  4748 | Sewer    | Gained mutation: You are clumsy. (Dex -2) [Xom's mischief]
  4834 | Sewer    | XOM: god gift: embroidered cloak {god gift}
  5093 | D:6      | Found a radiant altar of Vehumet.
  5104 | D:6      | Fell from the grace of Xom
  5105 | D:6      | HP: 4/82 [acid (3)]
  5105 | D:6      | Splashed by a jelly's acid

Action                   |  1- 3 |  4- 6 |  7- 9 || total
-------------------------+-------+-------+-------++-------
Melee: Hand axe          |    40 |   166 |   293 ||   499
Invok: Renounce Religion |       |       |     1 ||     1
  Use: Potion            |     2 |       |       ||     2
 Stab: Paralysed         |       |    17 |    12 ||    29
       Petrifying        |       |     1 |     1 ||     2
       Confused          |       |       |     1 ||     1
       Petrified         |       |       |     2 ||     2
  Eat: Fruit             |       |     6 |       ||     6
       Pizza             |       |     1 |       ||     1
       Chunk             |       |       |    10 ||    10
